Map: 亚历山大港 - 天梯版

Players

Dark

  • Race: Zerg Zerg
  • League: Gold

Drager - Winner!

  • Race: Protoss Protoss
  • League: Diamond

Event: WESG 2018 Grand Finals

VOD

Have the link to the VOD?

Description

Time

  • Played on: March 11, 2019, 3:59 a.m.
  • Length: 4:31

All games in this series

Show
View Real Time Build Order
Export as new Build Order

Dark Zerg 

Build Orders: Hatch First 

Get SALT Encoding   

  12  0:00  Drone  
  13  0:12  Overlord  
  13  0:17  Drone  
  14  0:31  Drone x2  
  16  0:39  Drone  
  17  0:53  Hatchery  
  17  0:56  Drone  
  17  0:59  Drone  
  18  1:10  Extractor  
  17  1:14  Spawning Pool  
  17  1:17  Drone  
  17  1:20  Drone  
  18  1:30  Drone  
  19  1:39  Drone  
  20  1:49  Hatchery  
  19  1:54  Drone  
  19  2:00  Drone  
  21  2:05  Zergling x2  
  21  2:06  Queen  
  24  2:17  Zergling x4  
  24  2:21  Spine Crawler  
  26  2:23  Spine Crawler  
  26  2:26  Spine Crawler  
  26  2:28  Zergling x4  
  8  3:13  Drone  
  9  3:26  Drone  
  10  3:31  Zergling x2  
  11  3:40  Zergling x2  
  12  3:46  Zergling x2  
  13  3:52  Zergling x2  
Show
View Real Time Build Order
Export as new Build Order

Drager Protoss - Winner!

Build Orders:  

Get SALT Encoding   

  12  0:00  Probe  
  13  0:12  Probe  
  14  0:32  Pylon  
  14  0:50  Gateway x2  
  14  0:56  Gateway  
  14  1:07  Gateway  
  14  1:17  Pylon  
  14  1:30  Zealot  
  14  1:34  Zealot  
  14  1:37  Zealot  
  20  1:54  Zealot x2  
  24  2:07  Zealot  
  26  2:14  Zealot  
  26  2:15  Zealot  
  29  2:30  Zealot  
  31  2:45  Zealot  
  31  2:50  Zealot  
  31  2:55  Zealot  
  29  3:04  Zealot  
  25  3:12  Zealot  
  27  3:19  Zealot  
  29  3:21  Zealot  
  31  3:58  Zealot x2  
  31  3:59  Zealot  
  31  4:00  Zealot  
Tags
 
Add a new tag
Caveats
  • Supply blocks, unpowered buildings, or Contaminate may cause inaccurate times.
  • Supply counts are checked every 10 seconds.